 Dungeon Crawl Stone Soup version 0.22-a0-136-g83a10e5 (webtiles) character file.

77 varam the Ruffian (level 4, -8/44 HPs)
             Began as a Troll Monk on Feb 2, 2018.
             Mangled by Crazy Yiuf
             ... wielding a +3 quarterstaff of chaos
              (12 damage)
             ... while paralysed by Crazy Yiuf
             ... on level 2 of the Dungeon.
             The game lasted 00:03:12 (1288 turns).

varam the Ruffian (Troll Monk)                      Turns: 1288, Time: 00:03:13

Health: -8/44      AC:  5    Str: 19    XL:     4   Next: 14%
Magic:  3/3        EV:  1    Int:  6    God:
Gold:   79         SH:  0    Dex: 13    Spells: 3/3 levels left

rFire    . . .     SeeInvis .     - Unarmed
rCold    . . .     Gourm    +   (no shield)
rNeg     . . .     Faith    .   a - +0 robe
rPois    .         Spirit   .   (helmet restricted)
rElec    .         Reflect  .   (no cloak)
rCorr    .         Harm     .   (gloves unavailable)
MR       .....                  (boots unavailable)
Stlth    ++........             (no amulet)
HPRegen  0.54/turn              (no ring)
MPRegen  0.08/turn              (no ring)

@: paralysed
A: large, unfitting armour, claws 3, fast metabolism 3, gourmand, regeneration
1, shaggy fur 1, tough skin 2
a: no special abilities


You were on level 2 of the Dungeon.
You were not hungry.

You visited 1 branch of the dungeon, and saw 2 of its levels.

You collected 79 gold pieces.

Inventory:

Armour
 a - a +0 robe (worn)
Jewellery
 l - an uncursed ring of poison resistance {unknown}
 m - an uncursed ring of flight {unknown}
Scrolls
 d - 3 scrolls of teleportation {unknown}
 f - 3 scrolls of identify {unknown}
 g - a scroll of enchant weapon {unknown}
 i - 2 scrolls of remove curse {unknown}
 j - 3 scrolls of fog {unknown}
Potions
 c - a potion of brilliance {unknown}
 e - a potion of magic {unknown}
 h - a potion of heal wounds {unknown}
 k - a potion of degeneration {unknown}
Comestibles
 b - 5 rations


   Skills:
 - Level 2.4 Fighting
 * Level 3.6 Dodging
 - Level 1.0 Stealth
 + Level 3.7 Unarmed Combat


You had 3 spell levels left.
You didn't know any spells.

Dungeon Overview and Level Annotations

Branches:
Dungeon (2/15)

Altars:
Yredelemnul

Annotations:
D:2 Crazy Yiuf


Innate Abilities, Weirdness & Mutations

You are too large for most types of armour.
You have claws for hands.
Your metabolism is lightning-fast.
You like to eat raw meat.
Your natural rate of healing is unusually fast.
You are covered in fur. (AC +1)
You have very tough skin. (AC +2)


Message History

Found a club.
You see here a club.
You see here a mace.
Key pressed, stopping explore.
You open the door.
Crazy Yiuf the Enlightened comes into view.
He is wielding a quarterstaff of chaos.
Found a glowing mace.
Crazy Yiuf shouts!
There is an open door here.
You closely miss Crazy Yiuf. Crazy Yiuf hits you but does no damage.
You suddenly lose the ability to move!
Crazy Yiuf hits you with a quarterstaff of chaos.
Crazy Yiuf burns you.
Crazy Yiuf hits you with a quarterstaff of chaos!
Crazy Yiuf freezes you.
Crazy Yiuf hits you with a quarterstaff of chaos!
You are electrocuted!
* * * LOW HITPOINT WARNING * * *
Crazy Yiuf hits you with a quarterstaff of chaos!
You die...

#.### #.# #.#. ....##
#.# #... #..#.# #.#
###. ##..########## #.
#........# #.
##.####### ####### #.
###.# #### ###.#.P.###
#. ....#
#...##..#.P.)..## #.
###.#
#..g@.####P.....# #.
#.# #)..### ##..#..#
##. #.# ####
####..###.. #.#
#....... #.# #.#####.
#.# #.# #) #.#
###################.##
#. ##.#
#....................#
#. #..#
#.#################..#
#.


You could see Crazy Yiuf.

Vanquished Creatures
  Terence (D:2)
  3 gnolls (D:2)
  A leopard gecko (D:2)
  2 giant cockroaches
  4 goblins
  2 hobgoblins
  2 kobolds
  A quokka (D:2)
  A ball python (D:1)
  A bat (D:2)
  4 frilled lizards
  2 gnoll zombies (D:2)
  A rat (D:2)
25 creatures vanquished.

Notes
Turn   | Place    | Note
-------+----------+-------------------------------------------
     0 | D:1      | varam the Troll Monk began the quest for the Orb.
     0 | D:1      | Reached XP level 1. HP: 22/22 MP: 0/0
   394 | D:1      | Reached XP level 2. HP: 29/29 MP: 1/1
   708 | D:2      | Noticed Terence
   726 | D:2      | Killed Terence
   726 | D:2      | Reached skill level 3 in Dodging
   726 | D:2      | Reached XP level 3. HP: 28/36 MP: 2/2
   880 | D:2      | Reached XP level 4. HP: 37/44 MP: 3/3
  1033 | D:2      | Found a runed door.
  1099 | D:2      | Found a basalt altar of Yredelemnul.
  1281 | D:2      | Noticed Crazy Yiuf
  1284 | D:2      | Paralysed by Crazy Yiuf for 6 turns
  1287 | D:2      | HP: 3/44 [Crazy Yiuf/quarterstaff of chaos (10)]
  1288 | D:2      | Mangled by Crazy Yiuf

Vault maps used:
D:1:      minmay_arrival_diagonal_passages
D:2:      lemuel_zombie_altar_yredelemnul, uniq_crazy_yiuf_cottage, uniq_terence

Skill      XL: |  1  2 |
---------------+-------+-----
Dodging        | 3 |  3.6
Fighting       | |  2.4
Stealth        | |  1.0
Unarmed Combat | |  3.7

Action                   |  1- 3 |  4- 6 || total
-------------------------+-------+-------++-------
Melee: Unarmed           |    53 |    13 ||    66
       Punch             |     1 |       ||     1
Throw: Throwing net      |     1 |       ||     1
  Eat: Chunk             |    11 |       ||    11
Armor: Robe              |    14 |     2 ||    16
Dodge: Dodged            |    21 |     7 ||    28

Table legend:
 A = Spawn XP
 B = Non-spawn XP
 C = Spawn XP percentage of total XP
 D = Spawn monster count
 E = Non-spawn monster count
 F = Spawn count percentage of total count
 G = Total turns spent on level
                    A         B        C        D         E        F      G
               +---------+---------+-------+---------+---------+-------+---------
         Total |       0 |     111 |   0.0 |       0 |      25 |   0.0 |  1288
               +---------+---------+-------+---------+---------+-------+---------
           D:1 |       0 |      14 |   0.0 |       0 |       8 |   0.0 |   575
           D:2 |       0 |      97 |   0.0 |       0 |      17 |   0.0 |   713
               +---------+---------+-------+---------+---------+-------+---------
